 Dungeon Crawl Stone Soup version 0.24-a0-813-g0f74319 (webtiles) character file.

Game seed: 11200871158521598344, levelgen mode: deterministic

1145 Fa1c0n the Carver (level 8, -11/58 HPs)
             Began as a Formicid Fighter on Oct 2, 2019.
             Was a Believer of Sif Muna.
             Mangled by an orc knight
             ... wielding a +0 war axe
              (18 damage)
             ... in a bailey on Oct 11, 2019.
             The game lasted 00:30:13 (6047 turns).

Fa1c0n the Carver (Formicid Fighter)                Turns: 6047, Time: 00:30:14

Health: -11/58     AC: 11    Str: 23    XL:     8   Next: 64%
Magic:  8/8        EV:  7    Int:  8    God:    Sif Muna [**....]
Gold:   323        SH: 11    Dex: 10    Spells: 7/7 levels left

rFire    . . .     SeeInvis +   a - +0 long sword
rCold    . . .     Gourm    .   c - +0 shield
rNeg     . . .     Faith    .   m - +0 chain mail
rPois    .         Spirit   .   (helmet unavailable)
rElec    .         Reflect  .   o - +0 cloak
rCorr    .         Harm     .   (no gloves)
MR       .....                  k - +0 pair of boots
Stlth    ..........             (no amulet)
HPRegen  0.19/turn              (no ring)
MPRegen  0.11/turn              (no ring)

@: no status effects
A: permanent stasis, dig shafts and tunnels, four strong arms, antennae 3
a: Dig, Shaft Self, Channel Magic, Renounce Religion


You were in a bailey.
You worshipped Sif Muna.
Sif Muna was pleased with you.
You were not hungry.

You visited 2 branches of the dungeon, and saw 8 of its levels.
You also visited: Bailey.

You collected 323 gold pieces.

Inventory:

Hand Weapons
 a - a +0 long sword (weapon)
Missiles
 G - 7 boomerangs (quivered)
Armour
 b - a +0 scale mail
 c - a +0 shield (worn)
 k - a +0 pair of boots (worn)
 m - a +0 chain mail (worn)
 o - a +0 cloak (worn)
Jewellery
 h - an uncursed amulet of the gourmand {unknown}
 B - an uncursed ring of protection from magic {unknown}
Wands
 s - a wand of enslavement (14)
 D - a wand of flame (13)
Scrolls
 e - 2 scrolls of fog {unknown}
 g - 6 scrolls of identify {unknown}
 i - a scroll of noise {unknown}
 j - 2 scrolls of enchant armour {unknown}
 l - 3 scrolls of teleportation {unknown}
 n - a scroll of amnesia {unknown}
 p - 4 scrolls of magic mapping {unknown}
 r - 2 scrolls of remove curse {unknown}
 w - a scroll of enchant weapon {unknown}
 y - a scroll of immolation {unknown}
 F - a scroll of holy word {unknown}
Potions
 d - a potion of might
 q - a potion of curing {unknown}
 t - 3 potions of lignification {unknown}
 u - 2 potions of heal wounds {unknown}
 v - 2 potions of brilliance {unknown}
 x - a potion of flight {unknown}
 z - 2 potions of degeneration {unknown}
 A - 2 potions of haste {unknown}
 C - a potion of agility {unknown}
 E - 2 potions of cancellation {unknown}
Comestibles
 f - 13 rations


   Skills:
 - Level 3.4 Fighting
 * Level 8.0 Long Blades
 - Level 3.4 Armour
 + Level 7.5 Shields


You had 7 spell levels left.
You didn't know any spells.
Your spell library contained the following spells:

 Spells                   Type           Power        Failure   Level  Hunger
 Corona                   Hex            #......      99%         1    ##.....
 Ensorcelled Hibernation  Hex/Ice        #.....       100%        2    ###....
 Confuse                  Hex            #.......     100%        3    ####...
 Dazzling Spray           Conj/Hex       #.....       100%        3    ####...
 Tukima's Dance           Hex            #.......     100%        3    ####...


Dungeon Overview and Level Annotations

Branches:
Dungeon (7/15)             Temple (1/1) D:6          Bailey (1/1)

Altars:
Ashenzari
Cheibriados
Dithmenos
Elyvilon
Fedhas
Gozag
Hepliaklqana
Kikubaaqudgha
Makhleb
Nemelex Xobeh
Qazlal
Sif Muna
Trog
Uskayaw
Vehumet
Xom
Yredelemnul
Zin
The Shining One


Innate Abilities, Weirdness & Mutations

You cannot be hasted, slowed, berserked, paralysed or teleported.
You can dig through walls and to a lower floor.
Your four strong arms can wield two-handed weapons with a shield.
You have a pair of large antennae on your head. (SInv)


Message History

You block the orc knight's attack.
You closely miss the orc knight.
The orc knight is heavily wounded.
The orc knight hits you with a +0 war axe!
You slash the orc knight!
The orc knight is severely wounded.
The orc knight hits you with a +0 war axe.
Your chain mail prevents you from hitting the orc knight.
The orc knight is severely wounded.
The orc knight hits you with a +0 war axe!!
* * * LOW HITPOINT WARNING * * *
You closely miss the orc knight.
The orc knight is severely wounded.
The orc knight hits you but does no damage.
You hit the orc knight but do no damage.
The orc knight is severely wounded.
You hit the orc knight.
The orc knight is severely wounded.
The orc knight hits you with a +0 war axe!!
You die...

♣∩.∩[[('.....#....
♣....([(.....#o...
♣♣.....#....##8.8.
♣....##....#o?...
♣...##.....#≈)...
♣≈≈##......##≈≈≈# #..
♣≈≈#........#########.....
♣≈≈#..8..8....ogo...'g....
♣≈≈#.........@#≈≈≈≈≈#...o.
##.........#≈≈≈≈≈# .8.
##...8...##≈≈≈≈≈# .
##.....##{{K.KK.#
##...##.........#
#####♣♣♣.....♣♣♣ ♣♣♣∩♣♣♣


You could see an orc knight, an orc and a goblin.

Vanquished Creatures
  A phantom (D:6)
  A black bear (D:6)
  2 ogres
  A scorpion (D:5)
  A crimson imp (D:5)
  A centaur zombie (D:5)
  2 hounds (D:4)
  2 centaur skeletons
  A jelly (D:6)
  2 orc priests (D:6)
  A bullfrog skeleton (D:5)
  2 orc wizards
  2 iguanas (D:4)
  5 worker ants
  A hound skeleton (D:5)
  A worker ant zombie (D:6)
  A howler monkey skeleton (D:4)
  5 adders
  A shadow imp (D:6)
  2 oozes
  2 adder skeletons
  2 worms (D:4)
  2 dart slugs
  4 leopard geckos
  6 orcs
  4 giant cockroaches
  8 goblins
  5 hobgoblins
  12 jackals
  5 quokkas
  A ball python (D:3)
  4 bats
  8 frilled lizards
  17 kobolds
  A quokka skeleton (D:5)
  7 rats
123 creatures vanquished.

Notes
Turn   | Place    | Note
-------+----------+-------------------------------------------
     0 | D:1      | Fa1c0n the Formicid Fighter began the quest for the Orb.
     0 | D:1      | Reached XP level 1. HP: 18/18 MP: 1/1
    47 | D:1      | Reached XP level 2. HP: 24/24 MP: 2/2
   518 | D:1      | Reached XP level 3. HP: 29/29 MP: 3/3
   936 | D:2      | Reached skill level 3 in Long Blades
   945 | D:2      | Reached XP level 4. HP: 19/35 MP: 4/4
  1420 | D:3      | Found a blossoming altar of Fedhas.
  1631 | D:3      | Found a faded altar of an unknown god.
  1678 | D:3      | Became a worshipper of Sif Muna the Loreminder
  1678 | D:3      | Reached * piety under Sif Muna
  1916 | D:4      | Reached skill level 4 in Long Blades
  1916 | D:4      | Reached XP level 5. HP: 37/41 MP: 5/5
  2207 | D:4      | Noticed an ogre
  2237 | D:4      | Killed an ogre
  2237 | D:4      | Reached skill level 5 in Long Blades
  2237 | D:4      | Reached skill level 5 in Shields
  2237 | D:4      | Reached XP level 6. HP: 24/47 MP: 6/6
  2797 | D:4      | Reached XP level 7. HP: 52/52 MP: 7/7
  3240 | D:5      | Entered Level 5 of the Dungeon
  3262 | D:5      | Reached skill level 6 in Long Blades
  3375 | D:5      | Reached ** piety under Sif Muna
  3751 | D:6      | Reached XP level 8. HP: 15/58 MP: 8/8
  3965 | D:6      | Reached skill level 7 in Long Blades
  4046 | D:6      | Found Petuu's Blasphemy Boutique.
  4071 | D:6      | Found an ancient bone altar of Kikubaaqudgha.
  4086 | D:6      | Found a staircase to the Ecumenical Temple.
  4108 | Temple   | Entered the Ecumenical Temple
  5333 | D:7      | Found a flagged portal.
  5342 | D:7      | Reached skill level 8 in Long Blades
  5372 | Bailey   | Entered a bailey
  5377 | Bailey   | Noticed an orc warlord
  5440 | Bailey   | Upgraded the game from 0.24-a0-760-g74cc3ae to
                  | 0.24-a0-813-g0f74319
  6015 | Bailey   | Noticed an orc knight
  6047 | Bailey   | Mangled by an orc knight

Levels and vault maps discovered:
D:1:      dpeg_arrival_pits, layout_rooms, chequers_serial_rivers_micro_c,
          hangedman_abyss_or_decor_stabs, minmay_misc_feat_five,
          roderic_lattice_a
D:2:      layout_rooms
D:3:      layout_rooms, fedhas_ov_isle_minmay,
          chequers_ecumenical_altar_simple_redux
D:4:      layout_gridville, kennysheep_generic_room_15
D:5:      layout_rooms, first_ration
D:6:      layout_basic, minmay_temple_entry_proselytizer, nicolae_evil_shop
D:7:      layout_rooms, gammafunk_temple_overflow_pools, enter_bailey_2,
          lemuel_tele_altar
Temple:   hc_temple_tempest_star
Bailey:   bailey_axe_bossmonster_kennysheep, bailey

Skill      XL: |  1  2  3  4  5  6  7  8 |
---------------+-------------------------+-----
Shields        | 4 5 6 7 |  7.5
Long Blades    | 3 4 5 6 8 |  8.0
Fighting       | |  3.4
Armour         | |  3.4

Action                   |  1- 3 |  4- 6 |  7- 9 || total
-------------------------+-------+-------+-------++-------
Melee: Long sword        |   111 |   175 |   266 ||   552
  Eat: Chunk             |       |     7 |     8 ||    15
       Ration            |       |       |     1 ||     1
Armor: Scale mail        |    14 |       |       ||    14
       Chain mail        |    52 |    88 |   122 ||   262
Dodge: Dodged            |    35 |    40 |    64 ||   139
Block: Shield            |    73 |    92 |   154 ||   319
       Rpst.: Long sword |    10 |    13 |    18 ||    41

Table legend:
 A = Non-vault XP
 B = Vault XP
 C = Vault XP percentage of total XP
 D = Non-vault monster count
 E = Vault monster count
 F = Vault count percentage of total count
                 A         B        C        D         E       F
            +---------+---------+-------+---------+---------+-------
      Total |    1538 |      99 |   6.0 |     110 |      13 |  10.6
            +---------+---------+-------+---------+---------+-------
        D:1 |      35 |       0 |   0.0 |      19 |       0 |   0.0
        D:2 |      49 |       0 |   0.0 |      20 |       0 |   0.0
        D:3 |      53 |       0 |   0.0 |      17 |       0 |   0.0
        D:4 |     475 |      40 |   7.8 |      21 |       1 |   4.5
        D:5 |     251 |       0 |   0.0 |      11 |       0 |   0.0
        D:6 |     631 |      41 |   6.1 |      21 |       1 |   4.5
        D:7 |      44 |       0 |   0.0 |       1 |       0 |   0.0
     Bailey |       0 |      18 | 100.0 |       0 |      11 | 100.0
            +---------+---------+-------+---------+---------+-------
